 Dungeon Crawl Stone Soup version 0.25-a0-294-gea9b1ad (webtiles) character file.

Game seed: 8298255947324968374, levelgen mode: deterministic

56 skinnyp the Magician (level 3, -2/26 HPs)
             Began as a Gnoll Wizard on Dec 17, 2019.
             Slain by a hobgoblin
             ... wielding a +0 club
              (3 damage)
             ... on level 2 of the Dungeon.
             The game lasted 00:05:57 (1986 turns).

skinnyp the Magician (Gnoll Wizard)                 Turns: 1986, Time: 00:05:57

Health: -2/26      AC:  2    Str:  9    XL:     3   Next: 97%
Magic:  1/11       EV: 13    Int: 21    God:
Gold:   51         SH:  0    Dex: 13    Spells: 11/16 levels left

rFire    . . .     SeeInvis .   h - +0 dagger
rCold    . . .     Gourm    .   (no shield)
rNeg     . . .     Faith    .   a - +0 robe
rPois    .         Spirit   .   b - +0 hat
rElec    .         Reflect  .   (no cloak)
rCorr    .         Harm     .   (no gloves)
MR       +....                  (no boots)
Stlth    ++........             (no amulet)
HPRegen  0.08/turn              i - ring of protection from magic
MPRegen  0.12/turn              (no ring)

@: lethally poisoned (-2 -> -6), heavily drained
A: distributed training, fangs 1, strong nose
a: no special abilities


You were on level 2 of the Dungeon.
You were not hungry.

You visited 1 branch of the dungeon, and saw 2 of its levels.

You collected 51 gold pieces.

Inventory:

Hand Weapons
 g - a +0 club
 h - a +0 dagger (weapon)
Missiles
 c - 17 poisoned darts (quivered)
Armour
 a - a +0 robe (worn)
 b - a +0 hat (worn)
Jewellery
 i - a ring of protection from magic (left hand)
Scrolls
 e - a scroll of remove curse {unknown}
 j - a scroll of teleportation {unknown}
 k - a scroll of magic mapping {unknown}
 m - a scroll of identify {unknown}
Potions
 f - a potion of curing
 l - a potion of berserk rage {unknown}
Comestibles
 d - 3 rations


   Skills:
 + Level 1.0(0.0) Fighting
 + Level 1.0(0.0) Short Blades
 + Level 1.0(0.0) Long Blades
 + Level 1.0(0.0) Axes
 + Level 1.0(0.0) Maces & Flails
 + Level 1.0(0.0) Polearms
 + Level 1.0(0.0) Staves
 + Level 1.0(0.0) Slings
 + Level 1.0(0.0) Bows
 + Level 1.0(0.0) Crossbows
 + Level 1.0(0.0) Throwing
 + Level 1.0(0.0) Armour
 + Level 4.6(3.4) Dodging
 + Level 4.2(3.0) Stealth
 + Level 1.0(0.0) Shields
 + Level 1.0(0.0) Unarmed Combat
 + Level 7.1(5.9) Spellcasting
 + Level 2.1(1.0) Conjurations
 + Level 0.7(0.0) Hexes
 + Level 0.7(0.0) Charms
 + Level 2.1(1.0) Summonings
 + Level 0.7(0.0) Necromancy
 + Level 2.1(1.0) Translocations
 + Level 0.7(0.0) Transmutations
 + Level 0.7(0.0) Fire Magic
 + Level 0.7(0.0) Ice Magic
 + Level 0.7(0.0) Air Magic
 + Level 0.7(0.0) Earth Magic
 + Level 0.7(0.0) Poison Magic
 + Level 1.0(0.0) Invocations
 + Level 1.0(0.0) Evocations


You had 11 spell levels left.
You knew the following spells:

 Your Spells              Type           Power        Failure   Level  Hunger
a - Magic Dart            Conj           ##..         6%          1    None
b - Call Imp              Summ           ##......     10%         2    None
c - Blink                 Tloc           N/A          10%         2    None

Your spell library contained the following spells:

 Spells                   Type           Power        Failure   Level  Hunger
 Slow                     Hex            #.......     16%         2    None
 Conjure Flame            Conj/Fire      #.......     24%         3    ##.....
 Mephitic Cloud           Conj/Pois/Air  #.......     26%         3    ##.....


Dungeon Overview and Level Annotations

Branches:
Dungeon (2/15)

Altars:


Innate Abilities, Weirdness & Mutations

Your experience applies equally to all skills.
You have very sharp teeth.
Your uncanny sense of smell can sniff out nearby items.


Message History

Okay, then.
Throwing (i - inventory)
c - 17 poisoned darts (quivered)
Press: ? - help, Shift-Dir - straight line, f/p - hobgoblin
Aim: a hobgoblin, wielding a +0 club, wearing a +0 chain mail and quivering 11 poisoned darts (severely wounded, poisoned) Really fire in your crimson imp's direction?
Okay, then.
You hit the hobgoblin but do no damage.
The hobgoblin is severely wounded.
* * * LOW HITPOINT WARNING * * *
You feel sick.
The hobgoblin hits you but does no damage.
Your crimson imp closely misses the hobgoblin.
Unknown command.
Unknown command.
Unknown command.
You hit the hobgoblin but do no damage.
The hobgoblin is severely wounded.
Your crimson imp disappears in a puff of smoke!
The hobgoblin hits you with a +0 club.
You die...

# #####.#
..(#. .§. #g#
#@# #(# #.#
#.# #(# ∆ #.#
∆ #(# #.#
.##########.#


You could see a hobgoblin.

Vanquished Creatures
  A worker ant (D:2)
  A worm (D:2)
  2 leopard geckos (D:1)
  A ball python (D:1)
  2 bats (D:1)
  A goblin (D:1)
  7 hobgoblins (D:1)
  2 frilled lizards (D:1)
  3 kobolds
  3 rats (D:1)
23 creatures vanquished.

Vanquished Creatures (collateral kills)
  2 adders (D:2)
2 creatures vanquished.

Grand Total: 25 creatures vanquished

Notes
Turn   | Place    | Note
-------+----------+-------------------------------------------
     0 | D:1      | skinnyp the Gnoll Wizard began the quest for the Orb.
     0 | D:1      | Reached XP level 1. HP: 13/13 MP: 8/8
   178 | D:1      | Reached XP level 2. HP: 3/19 MP: 6/10
   608 | D:1      | Learned a level 2 spell: Call Imp
   611 | D:1      | Learned a level 2 spell: Blink
  1216 | D:1      | Reached XP level 3. HP: 22/25 MP: 11/11
  1791 | D:2      | Reached skill level 1 in Invocations
  1889 | D:2      | Reached skill level 1 in Fighting
  1889 | D:2      | Reached skill level 1 in Short Blades
  1889 | D:2      | Reached skill level 1 in Long Blades
  1889 | D:2      | Reached skill level 1 in Axes
  1889 | D:2      | Reached skill level 1 in Maces & Flails
  1889 | D:2      | Reached skill level 1 in Polearms
  1889 | D:2      | Reached skill level 1 in Staves
  1889 | D:2      | Reached skill level 1 in Slings
  1889 | D:2      | Reached skill level 1 in Bows
  1889 | D:2      | Reached skill level 1 in Crossbows
  1889 | D:2      | Reached skill level 1 in Throwing
  1889 | D:2      | Reached skill level 1 in Armour
  1889 | D:2      | Reached skill level 1 in Shields
  1889 | D:2      | Reached skill level 1 in Unarmed Combat
  1889 | D:2      | Reached skill level 1 in Evocations
  1984 | D:2      | HP: 1/26 [hobgoblin/+0 club (4)]
  1986 | D:2      | Slain by a hobgoblin

Levels and vault maps discovered:
D:1:      lemuel_arrival_behind_the_door_large, layout_basic,
          minmay_split_cup_large
D:2:      layout_loops_ring

Skill      XL: |  1  2  3 |
---------------+----------+-----
Conjurations   | 2 |  2.1
Summonings     | 2 |  2.1
Translocations | 2 |  2.1
Invocations    | 1 |  1.0
Fighting       | 1 |  1.0
Short Blades   | 1 |  1.0
Long Blades    | 1 |  1.0
Axes           | 1 |  1.0
Maces & Flails | 1 |  1.0
Polearms       | 1 |  1.0
Staves         | 1 |  1.0
Slings         | 1 |  1.0
Bows           | 1 |  1.0
Crossbows      | 1 |  1.0
Throwing       | 1 |  1.0
Armour         | 1 |  1.0
Shields        | 1 |  1.0
Unarmed Combat | 1 |  1.0
Evocations     | 1 |  1.0
Dodging        | |  4.6
Stealth        | |  4.2
Spellcasting   | |  7.1
Hexes          | |  0.7
Charms         | |  0.7
Necromancy     | |  0.7
Transmutations | |  0.7
Fire Magic     | |  0.7
Ice Magic      | |  0.7
Air Magic      | |  0.7
Earth Magic    | |  0.7
Poison Magic   | |  0.7

Action                   || total
-------------------------++-------
Melee: Dagger            ||    47
       Bite              ||     5
Throw: Dart              ||     4
 Cast: Magic Dart        ||    61
       Call Imp          ||     7
  Use: Potion            ||     1
 Stab: Sleeping          ||     2
       Distracted        ||     1
  Eat: Chunk             ||     1
       Ration            ||     1
Armor: Robe              ||     8
Dodge: Dodged            ||    63

Table legend:
 A = Non-vault XP
 B = Vault XP
 C = Vault XP percentage of total XP
 D = Non-vault monster count
 E = Vault monster count
 F = Vault count percentage of total count
                 A         B        C        D         E       F
            +---------+---------+-------+---------+---------+-------
      Total |      74 |       7 |   8.6 |      21 |       4 |  16.0
            +---------+---------+-------+---------+---------+-------
        D:1 |      27 |       7 |  20.6 |      15 |       4 |  21.1
        D:2 |      47 |       0 |   0.0 |       6 |       0 |   0.0
            +---------+---------+-------+---------+---------+-------
